 Dungeon Crawl Stone Soup version 0.01-2115-ge649c80b0b (webtiles) character file.

Game seed: 215958702716327961, levelgen mode: deterministic

107 Lanoc the Chopper (level 4, -3/38 HPs) Hill Orc Demonspawn. Began on June 10, 2020. Slain by a crocodile (9 damage) ... on level 2 of the Dungeon. The game lasted 00:00:52 (382 turns).

Lanoc the Chopper (Hill Orc Demonspawn)              Turns: 382, Time: 00:00:53

Health: -3/38      AC:  3    Str: 16    XL:     4 ^: 11
Magic:  6/6        EV: 12    Int: 12    God:
Gold:   0          SH:  0    Dex: 11    Spells: 5/6 levels left

rFire    . . .     Vision   .   a - +0 war axe
rCold    . . .     Gourm    .   (no weapon)
rNeg     . . .     Faith    .   b - +0 leather armour
rPois    .         Spirit   .   (no helmet)
rElec    .         Reflect  .   (no cloak)
rCorr    .         Harm     .   (no gloves)
MR       .....                  (no boots)
Stlth    +.........             (no amulet)
HPRegen  0.22/turn              (no ring)
MPRegen  0.16/turn              (no ring)

@: very slow
A: spiny 1
a: no special abilities


You were on level 2 of the Dungeon.
You were not hungry.

You visited 1 branch of the dungeon, and saw 2 of its levels.

Inventory:

Weapons
 a - a +0 war axe (weapon)
Armour
 b - a +0 leather armour (worn)
Scrolls
 c - a scroll of enchantment
 e - a scroll of fear
 f - a scroll of amnesia
Comestibles
 d - 2 rations


   Skills:
 + Level 3.4 Fighting
 * Level 4.6 Axes & Hammers
 + Level 2.9 Dodging
 - Level 1.5 Stealth
 - Level 1.5 Spellcasting
   Level 3.6 Invocations


You had 5 spell levels left.
You knew the following spells:

 Your Spells              Type           Power        Failure   Level  Hunger
a - Flame Tongue          Fire           0 (40)       32%         1    ##.....

Your spell library contained the following spells:

 Spells                   Type           Power        Failure   Level  Hunger
 Blink                    Tloc           N/A          43%         2    ###....
 Call Imp                 Summ           0 (100)      43%         2    ###....
 Slow                     Hex            0 (100)      43%         2    ###....
 Conjure Flame            Fire           0 (100)      67%         3    ####...
 Mephitic Cloud           Pois/Air       0 (100)      67%         3    ####...


Dungeon Overview and Level Annotations

Branches:
Dungeon (2/8)

Altars:


Innate Abilities, Weirdness & Mutations

You are partially covered in sharp spines.


Message History

A crocodile comes into view.
You hit the crocodile (3).
The crocodile is lightly wounded. (23/26) HP You hit the crocodile but do no damage.
The crocodile is lightly wounded. (23/26) HP The crocodile is struck by your spines.
The crocodile barely misses you (0).
You hit the crocodile (4).
The crocodile is moderately wounded. (16/26) HP You hit the crocodile but do no damage.
The crocodile is moderately wounded. (16/26) HP The crocodile bites you (19)!!
Ouch! That really hurt!
The crocodile is struck by your spines. The crocodile closely misses you (0).
You enter the shallow water.
Moving in this stuff is going to be slow.
The crocodile barely misses you (0). The crocodile bites you (14)!
* * * LOW HITPOINT WARNING * * *
The crocodile bites you (9)!
You die...

≈≈≈≈≈≈.≈≈≈≈≈≈≈≈≈≈≈##
≈.≈≈≈≈≈≈≈≈≈..≈≈≈≈≈≈≈≈≈≈##
≈≈≈≈≈≈≈≈P≈≈≈.≈≈≈≈≈≈≈≈≈≈##
≈≈≈≈≈≈≈≈≈≈≈≈≈≈≈≈≈≈≈≈≈PP##
≈≈≈≈≈≈≈≈≈≈≈≈≈≈≈≈≈≈≈≈≈P≈##
≈≈≈≈≈≈≈≈≈≈≈≈≈≈≈≈≈≈≈≈≈≈≈##
≈≈≈≈≈≈≈≈≈≈≈≈≈≈≈≈≈≈≈≈≈≈≈##
≈.≈≈≈≈≈≈≈≈≈≈≈≈.≈≈≈≈≈≈≈.##
.........≈≈t@...≈≈≈≈≈.≈##
≈≈.]#########>.≈#.##.##≈#
≈ #.....≈#≈.≈.#
#≈..######†≈#
#####P#.≈≈..# #P....≈#
##...≈## ##...≈# ##....#


You could see a crocodile.

Vanquished Creatures
  A big kobold (D:2)
  A jelly (D:2)
  An adder skeleton (D:2)
  3 goblins (D:1)
  2 hobgoblins (D:1)
  2 bats
  5 kobolds
  A rat (D:1)
16 creatures vanquished.

Vanquished Creatures (others)
  A big kobold (D:2)
  An adder (D:2)
  An ooze (D:2)
  A ball python (D:2)
  9 kobolds (D:2)
  A bat skeleton (D:2)
  An orc skeleton (D:2)
  2 withered plants (D:2)
17 creatures vanquished.

Grand Total: 33 creatures vanquished

Notes
Turn   | Place    | Note
-------+----------+-------------------------------------------
     0 | D:1      | Lanoc the Hill Orc Demonspawn began the quest for the Orb.
     0 | D:1      | Reached XP level 1. HP: 18/18 MP: 3/3
    54 | D:1      | Reached skill level 3 in Axes & Hammers
    58 | D:1      | Gained mutation: You are partially covered in sharp spines.
                  | [demonic ancestry]
    58 | D:1      | Reached XP level 2. HP: 20/25 MP: 4/4
   132 | D:2      | Noticed a big kobold
   147 | D:2      | Killed a big kobold
   147 | D:2      | Reached skill level 4 in Axes & Hammers
   147 | D:2      | Reached XP level 3. HP: 2/31 MP: 3/5
   147 | D:2      | Reached XP level 4. HP: 3/38 MP: 3/6
   267 | D:2      | Killed a big kobold
   373 | D:2      | Noticed a crocodile
   382 | D:2      | Slain by a crocodile

Levels and vault maps discovered:
D:1:      minmay_arrival_plants_in_alcoves, layout_basic, hex_intersection
D:2:      minmay_chambers_of_threes, layout_sewer, lemuel_round_altar,
          uniq_menkaure, uniq_blork_the_orc, uniq_robin, uniq_crazy_yiuf_cottage

Skill      XL: |  1  2 |
---------------+-------+-----
Axes & Hammers | 3 4 |  4.6
Fighting       | 3 |  3.4
Dodging        | |  2.9
Stealth        | |  1.5
Spellcasting   | |  1.5
Invocations    | |  3.6

Action                   |  1- 3 |  4- 6 || total
-------------------------+-------+-------++-------
Melee: War axe           |    22 |     8 ||    30
       Unarmed           |    17 |     7 ||    24
 Cast: Flame Tongue      |     2 |     1 ||     3
Armor: Leather armour    |     1 |     2 ||     3
Dodge: Dodged            |    18 |     7 ||    25
